 Dungeon Crawl Stone Soup version 0.29.1-12-g30fa7ad0bf (webtiles) character file.

Game seed: 14154513334676632485

268 Descartes the Ruffian (level 6, -1/59 HPs)
             Began as a Troll Monk on Dec 18, 2022.
             Slain by a scorpion (6 damage)
             ... on level 4 of the Dungeon.
             The game lasted 00:02:15 (1564 turns).

Descartes the Ruffian (Troll Monk)                  Turns: 1564, Time: 00:02:16

Health: -1/59      AC:  4    Str: 22    XL:     6   Next: 0%
Magic:  5/5        EV: 10    Int:  6    God:
Gold:   107        SH:  0    Dex: 12    Spells: 5/5 levels left

rFire   . . .      SeeInvis .     - Unarmed
rCold   . . .      Faith    .   (no shield)
rNeg    . . .      Spirit   .   a - +0 robe
rPois   .          Reflect  .   (helmet restricted)
rElec   .          Harm     .   (no cloak)
rCorr   .          Rampage  .   (gloves unavailable)
Will    .....                   (boots unavailable)
Stlth   ++........              (no amulet)
HPRegen 0.99/turn               (no ring)
MPRegen 0.09/turn               (no ring)

@: lethally poisoned (-1 -> -2)
A: large, unfitting armour, claws 3, regeneration 1, shaggy fur 1, tough skin 1
a: no special abilities


You were on level 4 of the Dungeon.
You visited 1 branch of the dungeon, and saw 4 of its levels.

You collected 107 gold pieces.

Inventory:

Missiles
 d - 20 stones (quivered)
 f - 2 boomerangs
 k - 2 poisoned darts
Armour
 a - a +0 robe (worn)
Wands
 l - a wand of paralysis (1)
Scrolls
 e - a scroll of summoning {unknown}
 i - a scroll of identify {unknown}
 j - a scroll of blinking {unknown}
Potions
 b - a potion of ambrosia
 c - 3 potions of haste {unknown}
 g - a potion of curing {unknown}
 h - a potion of berserk rage {unknown}
 m - a potion of brilliance {unknown}
 n - a potion of invisibility {unknown}


   Skills:
 - Level 2.4 Fighting
 + Level 3.4 Dodging
 + Level 2.0 Stealth
 + Level 4.2 Unarmed Combat
 + Level 2.0 Evocations


You had 5 spell levels left.
You didn't know any spells.
Your spell library contained the following spells:

 Spells                   Type           Power      Damage    Failure   Level
 Sandblast                Erth           0%         2d4       45%         1
 Passwall                 Tmut/Erth      0%         N/A       58%         2
 Dazzling Flash           Conj/Hex       0%         N/A       83%         3
 Stone Arrow              Conj/Erth      0%         3d7       83%         3
 Agony                    Necr           0%         N/A       100%        5
 Silence                  Hex/Air        0%         N/A       100%        5


Dungeon Overview and Level Annotations

Branches:
Dungeon (4/15)
 Temple: D:4-7

Altars:


Innate Abilities, Weirdness & Mutations

You are too large for most types of armour.
You have claws for hands.
Your natural rate of healing is unusually fast.
You are covered in fur. (AC +1)
You have tough skin. (AC +1)


Message History

You claw the ball python!
You kill the ball python!
A scorpion comes into view.
The ogre closely misses you.
You barely miss the ogre.
The ogre hits you with a +0 giant spiked club!!
You claw the ogre!
The ogre is moderately wounded.
You closely miss the ogre.
The ogre is moderately wounded.
The ogre hits you with a +0 giant spiked club!!
* * * LOW HITPOINT WARNING * * *
You are too injured to fight recklessly!
You are too injured to fight recklessly!
You are too injured to fight recklessly!
You are too injured to fight recklessly!
You are too injured to fight recklessly!
You are too injured to fight recklessly!
You are too injured to fight recklessly!
You are too injured to fight recklessly!
You are too injured to fight recklessly!
You are too injured to fight recklessly!
You are too injured to fight recklessly!
You are too injured to fight recklessly!
You are too injured to fight recklessly!
You are too injured to fight recklessly!
The ogre attacks as you move away! The ogre barely misses you.
Found 13 gold pieces.
Found a scroll labelled BAPAER VESO.
The scorpion stings you.
* * * LOW HITPOINT WARNING * * *
The scorpion attacks as you move away! The scorpion stings you.
* * * LOW HITPOINT WARNING * * *
You are poisoned.
The scorpion poisons you!
You feel very sick.
You feel sick. The ogre attacks as you move away! The ogre barely misses you.
You feel sick.
You scratch the scorpion but do no damage.
You feel sick. The scorpion stings you.
You die...

.# .. #. .# #.##
$...###### #.#.
#.#....@.# ....#
#..####s## #...#
#..####O.## #.? #...##
##.....#...#.... ##..##
##...............
#....###.#...#..........
#...#...##..)......#....
#<..######)#..†...###...
#...# #..........## ...


You could see an ogre and a scorpion.

Vanquished Creatures
  2 scorpions (D:3)
  Ijyb (D:3)
  Jessica (D:3)
  Terence (D:2)
  A gnoll (D:1)
  An adder (D:3)
  3 dart slugs
  2 orcs
  4 ball pythons
  5 bats
  4 endoplasms
  3 giant cockroaches
  4 goblins
  3 hobgoblins
  2 quokkas
  2 frilled lizards
  4 kobolds
  5 rats
48 creatures vanquished.

Notes
Turn   | Place    | Note
-------+----------+-------------------------------------------
     0 | D:1      | Descartes the Troll Monk began the quest for the Orb.
     0 | D:1      | Reached XP level 1. HP: 22/22 MP: 0/0
    25 | D:1      | Reached XP level 2. HP: 22/29 MP: 1/1
   316 | D:1      | Reached XP level 3. HP: 36/36 MP: 2/2
   596 | D:2      | Found a faded altar of an unknown god.
   599 | D:2      | Noticed Terence
   612 | D:2      | Killed Terence
   613 | D:2      | Reached skill level 1 in Evocations
   870 | D:3      | Reached XP level 4. HP: 44/44 MP: 3/3
   921 | D:3      | Noticed a scorpion
   927 | D:3      | Killed a scorpion
   979 | D:3      | Noticed a scorpion
   993 | D:3      | Killed a scorpion
   994 | D:3      | Reached skill level 4 in Unarmed Combat
   994 | D:3      | Reached XP level 5. HP: 13/50 MP: 4/4
  1216 | D:3      | Identified the +0 plate armour of the Valley {rC- rN+
                  | Regen+}
  1246 | D:3      | Noticed Jessica
  1255 | D:3      | Killed Jessica
  1377 | D:3      | Noticed Ijyb
  1391 | D:3      | Killed Ijyb
  1544 | D:4      | Reached XP level 6. HP: 59/59 MP: 5/5
  1564 | D:4      | Slain by a scorpion

Illustrated notes

Levels and vault maps discovered:
D:1:      doesnt_arrival_eight_statues, layout_basic
D:2:      layout_rooms, shapermc_ecumenical_altar_mp_ritualfount,
          hangedman_abyss_or_decor_lesser_grid, uniq_terence
D:3:      layout_basic, uniq_jessica, uniq_ijyb
D:4:      layout_loops_cross, nicolae_shop_overcharged_wands

Skill      XL: |  1  2  3  4  5 |
---------------+----------------+-----
Evocations     | 1 2 |  2.0
Dodging        | 3 |  3.4
Unarmed Combat | 4 |  4.2
Stealth        | 2 |  2.0
Fighting       | |  2.4

Action                   |  1- 3 |  4- 6 || total
-------------------------+-------+-------++-------
Melee: Unarmed           |    76 |    58 ||   134
       Punch             |     2 |     1 ||     3
 Stab: Sleeping          |     2 |       ||     2
Armor: Robe              |    15 |    14 ||    29
Dodge: Dodged            |    38 |    21 ||    59
